 Dungeon Crawl Stone Soup version 0.26-a0-20-g5f92b90fa0 (webtiles) character file.

Game seed: 4497715153439383371, levelgen mode: deterministic

679 tilp the Bolt Thrower (level 7, -1/44 HPs)
             Began as a Kobold Arcane Marksman on May 25, 2020.
             Killed from afar by an orc wizard (9 damage)
             ... with a magic dart
             ... on level 4 of the Dungeon.
             The game lasted 00:08:10 (5571 turns).

tilp the Bolt Thrower (Kobold Arcane Marksman)      Turns: 5571, Time: 00:08:11

Health: -1/44      AC:  6    Str:  9    XL:     7   Next: 92%
Magic:  8/8        EV: 14    Int: 14    God:
Gold:   210        SH:  6    Dex: 16    Spells: 7/8 levels left

rFire    . . .     SeeInvis .   b - +3 flail
rCold    . . .     Gourm    .   m - +2 buckler
rNeg     . . .     Faith    .   k - +0 ring mail
rPois    .         Spirit   .   q - +0 helmet
rElec    .         Reflect  .   (no cloak)
rCorr    .         Harm     .   (no gloves)
MR       .....                  (no boots)
Stlth    ++........             (no amulet)
HPRegen  0.14/turn              (no ring)
MPRegen  0.11/turn              (no ring)

@: mighty
A: small, carnivore
a: no special abilities


You were on level 4 of the Dungeon.
You were completely stuffed.

You visited 1 branch of the dungeon, and saw 4 of its levels.

You collected 210 gold pieces.

Inventory:

Hand Weapons
 a - a +0 hand crossbow
 b - a +3 flail (weapon)
 g - a +1 mace of holy wrath
 v - a +2 dagger of holy wrath
Missiles
 d - 67 bolts
 f - 26 poisoned darts (quivered)
Armour
 k - a +0 ring mail (worn)
 m - a +2 buckler (worn)
 n - a cursed -1 leather armour
 q - a +0 helmet (worn)
 w - a +1 buckler of reflection
Wands
 r - a wand of iceblast (22)
 s - a wand of random effects (19)
Scrolls
 j - a scroll of teleportation
 t - a scroll of remove curse {unknown}
 x - a scroll of enchant weapon {unknown}
 y - 2 scrolls of fear {unknown}
Potions
 e - a potion of flight {unknown}
 h - a potion of lignification {unknown}
 i - 3 potions of curing
 l - a potion of might
 o - 2 potions of mutation
 p - a potion of degeneration {unknown}
 z - a potion of haste {unknown}
Comestibles
 c - 7 rations
 u - 2 chunks of flesh


   Skills:
 + Level 5.3 Fighting
 - Level 6.0 Crossbows
 + Level 4.6 Dodging
 - Level 4.0 Stealth
 - Level 1.1 Spellcasting
 - Level 3.0 Hexes


You had 7 spell levels left.
You knew the following spells:

 Your Spells              Type           Power        Failure   Level  Hunger
a - Corona                Hex            #......      36%         1    ##.....

Your spell library contained the following spells:

 Spells                   Type           Power        Failure   Level  Hunger
 Slow                     Hex            #.......     50%         2    ###....
 Inner Flame              Hex/Fire       #.......     90%         3    ####...
 Portal Projectile        Hex/Tloc       #.....       90%         3    ####...
 Cause Fear               Hex            #.........   98%         4    #####..
 Leda's Liquefaction      Hex/Erth       #.........   100%        4    #####..


Dungeon Overview and Level Annotations

Branches:
Dungeon (4/15)
 Temple: D:4-7

Altars:
Fedhas
Makhleb
Wu Jian

Annotations:
D:4 1 runed translucent door, MisterFreud's ghost, amateur OpGl


Innate Abilities, Weirdness & Mutations

You are small and have problems with some larger weapons.
You are carnivorous and can eat meat at any time.


Message History

You hear some strange, mumbled words.
A magic dart appears from out of thin air!
The magic dart hits you!
* * * LOW HITPOINT WARNING * * *
You closely miss something.
You hear some strange, mumbled words.
A puff of flame appears from out of thin air!
The puff of flame hits you.
* * * LOW HITPOINT WARNING * * *
You miss something.
Something hits you but does no damage. x2
You miss something. Something barely misses you.
You bump into the rock wall.
You feel less confused.
You hear some strange, mumbled words.
Something tries to affect you, but you resist.
You closely miss something.
You hear some strange, mumbled words.
A magic dart appears from out of thin air!
The magic dart hits you!
You die...

#.# #..... #.#
#..... #.#
#..... #.#
##########.....
#.#
#.......##.....
#.#
#.......###....
#o#
#....[.....####
#{###..........#
#.@............#
###########....#
###'## ... ....
..... # # #


You could see an orc.

Vanquished Creatures
  A water moccasin (D:2)
  2 howler monkeys (D:4)
  3 orc priests
  3 hounds (D:4)
  3 orc wizards (D:4)
  Ijyb (D:3)
  A hound skeleton (D:4)
  Robin (D:3)
  4 adders
  An ooze (D:3)
  A worm (D:3)
  2 dart slugs (D:1)
  6 leopard geckos
  9 orcs
  A ball python (D:2)
  5 bats
  6 giant cockroaches
  18 goblins
  19 hobgoblins
  4 jackals (D:3)
  2 quokkas (D:2)
  9 frilled lizards
  10 kobolds
  4 rats
116 creatures vanquished.

Notes
Turn   | Place    | Note
-------+----------+-------------------------------------------
     0 | D:1      | tilp the Kobold Arcane Marksman began the quest for the
                  | Orb.
     0 | D:1      | Reached XP level 1. HP: 12/12 MP: 2/2
    98 | D:1      | Reached XP level 2. HP: 17/17 MP: 3/3
   797 | D:1      | Reached XP level 3. HP: 5/23 MP: 4/4
  2150 | D:2      | Reached XP level 4. HP: 29/29 MP: 5/5
  2786 | D:2      | Reached skill level 3 in Crossbows
  2914 | D:2      | Noticed a water moccasin
  2922 | D:2      | Killed a water moccasin
  2922 | D:2      | Reached skill level 5 in Crossbows
  2922 | D:2      | Reached XP level 5. HP: 20/33 MP: 6/6
  3441 | D:3      | Reached XP level 6. HP: 31/38 MP: 7/7
  3594 | D:3      | Found an ornate altar of the Wu Jian Council.
  3797 | D:3      | Reached skill level 6 in Crossbows
  4014 | D:3      | Found a burning altar of Makhleb.
  4057 | D:3      | Noticed Robin
  4060 | D:3      | Killed Robin
  4074 | D:3      | Reached skill level 1 in Stealth
  4267 | D:3      | Noticed Ijyb
  4279 | D:3      | Killed Ijyb
  4381 | D:3      | Found a blossoming altar of Fedhas.
  4673 | D:4      | Reached XP level 7. HP: 44/44 MP: 8/8
  5167 | D:4      | Reached skill level 5 in Fighting
  5317 | D:4      | Noticed MisterFreud's ghost (amateur OpGl)
  5526 | D:4      | Found a runed translucent door.
  5571 | D:4      | Killed from afar by an orc wizard

Illustrated notes

Levels and vault maps discovered:
D:1:      saegor_arrival_simple_a, layout_basic
D:2:      minmay_razor_zed, layout_rooms, corexii_shack
D:3:      layout_loops_ring, marbit_many_paths, nicolae_overflow_crystal_walls,
          nicolae_overflow_hidden_temple, kennysheep_pointless_box, uniq_ijyb,
          uniq_robin
D:4:      layout_basic, first_ration, hellmonk_ghost_happy_afterlife

Skill      XL: |  1  2  3  4  5  6  7 |
---------------+----------------------+-----
Fighting       | 2 3 4 5 |  5.3
Crossbows      | 5 6 |  6.0
Stealth        | 2 4 |  4.0
Dodging        | 3 4 |  4.6
Spellcasting   | |  1.1
Hexes          | |  3.0

Action                   |  1- 3 |  4- 6 |  7- 9 || total
-------------------------+-------+-------+-------++-------
Melee: Hand axe          |    75 |    64 |       ||   139
       Flail             |       |    98 |    79 ||   177
 Fire: Hand crossbow     |    28 |    71 |    31 ||   130
Throw: Dart              |       |       |     1 ||     1
  Use: Potion            |       |     1 |     3 ||     4
       Scroll            |       |     3 |       ||     3
 Stab: Sleeping          |     2 |       |       ||     2
  Eat: Chunk             |    12 |     8 |     3 ||    23
Armor: Robe              |    12 |     1 |       ||    13
       Ring mail         |       |    46 |    36 ||    82
Dodge: Dodged            |    78 |   119 |    40 ||   237
Block: Buckler           |       |    41 |    27 ||    68

Table legend:
 A = Non-vault XP
 B = Vault XP
 C = Vault XP percentage of total XP
 D = Non-vault monster count
 E = Vault monster count
 F = Vault count percentage of total count
                 A         B        C        D         E       F
            +---------+---------+-------+---------+---------+-------
      Total |     871 |     100 |  10.3 |      88 |      28 |  24.1
            +---------+---------+-------+---------+---------+-------
        D:1 |      61 |       0 |   0.0 |      34 |       0 |   0.0
        D:2 |     222 |      24 |   9.8 |      13 |      13 |  50.0
        D:3 |      76 |      76 |  50.0 |      21 |      15 |  41.7
        D:4 |     512 |       0 |   0.0 |      20 |       0 |   0.0
            +---------+---------+-------+---------+---------+-------
